 Dungeon Crawl Stone Soup version 0.31.0-1-g2c135a0 (webtiles) character file.

Game seed: 788640027507904705

2545014 Taxman1966 the End of an Era (level 27, 300/300 HPs)
             Began as a Hill Orc Fighter on Jan 28, 2024.
             Was the Champion of Qazlal.
             Escaped with the Orb
             ... and 4 runes
             ... and 2 gems on Jan 29, 2024!
             The game lasted 04:42:53 (70154 turns).

Taxman1966 the End of an Era (Hill Orc Fighter)    Turns: 70154, Time: 04:42:54

Health: 300/300    AC: 56    Str: 33    XL:     27
Magic:  39/40      EV: 10    Int: 10    God:    Qazlal [******]
Gold:   7735       SH: 41    Dex: 12    Spells: 26/26 levels left

rFire   + + +        a - +9 broad axe (freeze)
rCold   + + +        K - +10 tower shield of Ignorance {rN+ Int-4}
rNeg    + + +        l - +10 gold dragon scales
rPois   +            u - +1 helmet of Bask {rN+ Int+3}
rElec   +            h - +1 cloak of Pragmatism {rF++ Will+++ Int-3 Dex+2}
rCorr   +            m - +3 pair of gauntlets of War {Slay+5}
SInv    .            o - +3 pair of mountain boots {steadfast, rC+}
Will    +++++        O - amulet of Xom's Capriciousness {Acrobat rC+ Str+3} Stlth
                     L - ring "Fossiarao" {rElec Will+++ Str-4 Int+6}
HPRegen 0.70/turn    X - ring of Viamorotto {Fly rN+ rCorr Str+3}
MPRegen 0.27/turn

%: repel missiles, acrobat
@: protected from physical damage, flying, studying Polearms
A: iridescent scales 1, dopey 1, robust 1
0: Orb of Zot
}: 4/15 runes: barnacled, slimy, silver, gossamer
a: Renounce Religion, Upheaval, Elemental Force, Disaster Area


You escaped.
You worshipped Qazlal.
Qazlal was exalted by your worship.
You visited 12 branches of the dungeon, and saw 56 of its levels.
You visited 1 bazaar.
You also visited: Bailey, Gauntlet, Ice Cave, Volcano and Wizlab.

You collected 12590 gold pieces.
You spent 4855 gold pieces at shops.

Inventory:

Hand Weapons
 a - a +9 broad axe of freezing (weapon)
 b - a +9 broad axe of flaming
Missiles
 z - 53 boomerangs
 B - 19 silver javelins (quivered)
 C - 9 throwing nets
 G - 11 javelins
 S - 17 curare-tipped darts
 T - 7 darts of dispersal
Armour
 h - the +1 cloak of Pragmatism (worn) {rF++ Will+++ Int-3 Dex+2}
   (You bought it in a shop on level 2 of the Orcish Mines)

   Int-3:     It affects your intelligence (-3).
   Dex+2:     It affects your dexterity (+2).
   rF++:      It greatly protects you from fire.
   Will+++:   It greatly increases your willpower.
 l - +10 gold dragon scales (worn)
 m - the +3 pair of gauntlets of War (worn) {Slay+5}
   (You bought it in a shop on level 2 of the Orcish Mines)

   Slay+5:    It affects your accuracy & damage with ranged weapons and melee
   (+5).
 o - the +3 pair of mountain boots (worn) {steadfast, rC+}
   (You found it in a volcano)

   Steadfast: It prevents involuntary movement, except for blinking,
   teleportation, or banishment.
   rC+:       It protects you from cold.
 r - the +1 cloak of Knowledge {rF+ rCorr Int-3 Stlth+}
   (You acquired it on level 1 of the Lair of Beasts)

   Int-3:     It affects your intelligence (-3).
   rF+:       It protects you from fire.
   rCorr:     It protects you from acid and corrosion.
   Stlth+:    It makes you more stealthy.
 u - the +1 helmet of Bask (worn) {rN+ Int+3}
   (You found it in a Gauntlet)

   Int+3:     It affects your intelligence (+3).
   rN+:       It protects you from negative energy.
 K - the +10 tower shield of Ignorance (worn) {rN+ Int-4}
   (You found it on level 6 of the Dungeon)

   Int-4:     It affects your intelligence (-4).
   rN+:       It protects you from negative energy.
Jewellery
 t - the ring of Kuopn {rC+ Str+6 Dex+4}
   (You bought it in a shop in a bazaar)

   [ring of strength]

   Str+6:     It affects your strength (+6).
   Dex+4:     It affects your dexterity (+4).
   rC+:       It protects you from cold.
 y - the ring of Adoom {rCorr Str+3 Dex+6}
   (You found it in an ice cave)

   [ring of resist corrosion]

   Str+3:     It affects your strength (+3).
   Dex+6:     It affects your dexterity (+6).
   rCorr:     It protects you from acid and corrosion.
 L - the ring "Fossiarao" (left hand) {rElec Will+++ Str-4 Int+6}
   (You found it on level 3 of the Crypt)

   [ring of intelligence]

   Str-4:     It affects your strength (-4).
   Int+6:     It affects your intelligence (+6).
   rElec:     It insulates you from electricity.
   Will+++:   It greatly increases your willpower.
 O - the amulet of Xom's Capriciousness (around neck) {Acrobat rC+ Str+3}
   (You acquired it on level 1 of the Lair of Beasts)

   [amulet of the acrobat]

   Acrobat:   It increases your evasion while moving and waiting.
   Str+3:     It affects your strength (+3).
   rC+:       It protects you from cold.
 Q - an amulet of regeneration
 X - the ring of Viamorotto (right hand) {Fly rN+ rCorr Str+3}
   (You found it on level 1 of the Realm of Zot)

   [ring of resist corrosion]

   Str+3:     It affects your strength (+3).
   rN+:       It protects you from negative energy.
   Fly:       It grants you flight.
   rCorr:     It protects you from acid and corrosion.
 Y - the ring "Sutaluj" {Str+6 SInv}
   (You found it on level 5 of the Pits of Slime)

   [ring of strength]

   Str+6:     It affects your strength (+6).
   SInv:      It lets you see invisible.
Wands
 E - a wand of acid (42)
 H - a wand of digging (34)
 N - a wand of mindburst (47)
 U - a wand of flame (131)
 W - a wand of paralysis (31)
 Z - a wand of iceblast (72)
Scrolls
 c - 15 scrolls of immolation
 e - 13 scrolls of fog
 g - 15 scrolls of poison
 i - 34 scrolls of teleportation
 j - 5 scrolls of silence
 p - 11 scrolls of fear
 v - 4 scrolls of revelation
 M - 5 scrolls of blinking
Potions
 d - 11 potions of might
 f - 27 potions of curing
 k - 5 potions of berserk rage
 n - 8 potions of ambrosia
 q - 8 potions of magic
 s - 9 potions of heal wounds
 x - 7 potions of invisibility
 A - 11 potions of haste
 D - 4 potions of resistance
 F - 13 potions of mutation
 I - 5 potions of attraction
 J - 5 potions of cancellation
 R - 8 potions of enlightenment
Miscellaneous
 w - a phial of floods
 P - a phantom mirror
 V - a sack of spiders


   Skills:
 O Level 27 Fighting
 + Level 26.6 Axes
 - Level 14.1 Throwing
 + Level 24.7 Armour
 - Level 6.0 Dodging
 + Level 25.5 Shields
 O Level 27 Invocations
 - Level 4.0 Evocations


You had 26 spell levels left.
You didn't know any spells.
Your spell library contained the following spells:

 Spells                   Type           Power      Damage    Failure   Level
 Apportation              Tloc           0%         N/A       92%         1
 Freeze                   Ice            0%         1d3       92%         1
 Kiss of Death            Conj/Necr      0%         2d5       92%         1
 Magic Dart               Conj           0%         1d3       92%         1
 Necrotise                Necr           0%         1d4       92%         1
 Shock                    Conj/Air       0%         1d3       92%         1
 Slow                     Hex            0%         N/A       92%         1
 Sting                    Conj/Alch      0%         1d3       92%         1
 Summon Small Mammal      Summ           0%         N/A       92%         1
 Blink                    Tloc           0%         N/A       98%         2
 Call Imp                 Summ           0%         N/A       98%         2
 Cigotuvi's Dreadful Rot  Necr/Alch/Air  0%         N/A       98%         2
 Ensorcelled Hibernation  Hex/Ice        0%         N/A       98%         2
 Jinxbite                 Hex            0%         N/A       98%         2
 Lesser Beckoning         Tloc           0%         N/A       98%         2
 Mercury Vapours          Alch/Air       0%         N/A       98%         2
 Momentum Strike          Conj/Tloc      0%         3d8       98%         2
 Scorch                   Fire           0%         2d5       98%         2
 Searing Ray              Conj           0%         2d4       98%         2
 Static Discharge         Conj/Air       0%         3-3/arc   98%         2
 Sublimation of Blood     Necr           0%         N/A       98%         2
 Call Canine Familiar     Summ           0%         N/A       100%        3
 Confusing Touch          Hex            0%         N/A       100%        3
 Dazzling Flash           Conj/Hex       0%         N/A       100%        3
 Frozen Ramparts          Ice            0%         1d1       100%        3
 Fugue of the Fallen      Necr           0%         N/A       100%        3
 Gell's Gravitas          Tloc           0%         N/A       100%        3
 Hailstorm                Conj/Ice       0%         3d5       100%        3
 Inner Flame              Hex/Fire       0%         N/A       100%        3
 Mephitic Cloud           Conj/Alch/Air  0%         N/A       100%        3
 Ozocubu's Armour         Ice            0%         N/A       100%        3
 Passwall                 Erth           0%         N/A       100%        3
 Sigil of Binding         Hex            0%         N/A       100%        3
 Stone Arrow              Conj/Erth      0%         3d7       100%        3
 Summon Ice Beast         Ice/Summ       0%         N/A       100%        3
 Swiftness                Air            0%         N/A       100%        3
 Teleport Other           Tloc           0%         N/A       100%        3
 Tukima's Dance           Hex            0%         N/A       100%        3
 Vampiric Draining        Necr           0%         2d6       100%        3
 Volatile Blastmotes      Fire/Tloc      0%         2d10      100%        3
 Airstrike                Air            0%         2d(0-16)  100%        4
 Anguish                  Hex/Necr       0%         N/A       100%        4
 Animate Armour           Summ/Erth      0%         N/A       100%        4
 Animate Dead             Necr           0%         N/A       100%        4
 Brom's Barrelling Bould  Conj/Erth      0%         2d3       100%        4
 Cause Fear               Hex            0%         N/A       100%        4
 Dimensional Bullseye     Hex/Tloc       0%         N/A       100%        4
 Dispel Undead            Necr           0%         3d6       100%        4
 Flame Wave               Conj/Fire      0%         2d4       100%        4
 Fulminant Prism          Conj/Alch      0%         3d5       100%        4
 Iskenderun's Mystic Bla  Conj/Tloc      0%         2d3       100%        4
 Leda's Liquefaction      Alch/Erth      0%         N/A       100%        4
 Manifold Assault         Tloc           0%         N/A       100%        4
 Martyr's Knell           Necr/Summ      0%         N/A       100%        4
 Olgreb's Toxic Radiance  Alch           0%         N/A       100%        4
 Passage of Golubria      Tloc           0%         N/A       100%        4
 Summon Blazeheart Golem  Fire/Summ      0%         N/A       100%        4
 Summon Lightning Spire   Summ/Air       0%         N/A       100%        4
 Vhi's Electric Charge    Tloc/Air       0%         N/A       100%        4
 Arcjolt                  Conj/Air       0%         1d10      100%        5
 Curse of Agony           Necr           0%         N/A       100%        5
 Fireball                 Conj/Fire      0%         3d3       100%        5
 Freezing Cloud           Conj/Ice/Air   0%         6-21      100%        5
 Irradiate                Conj/Alch      0%         3d11      100%        5
 Iskenderun's Battlesphe  Conj           0%         2d6       100%        5
 Lee's Rapid Deconstruct  Erth           0%         3d4*      100%        5
 Metabolic Englaciation   Hex/Ice        0%         N/A       100%        5
 Silence                  Hex/Air        0%         N/A       100%        5
 Summon Forest            Summ/Tloc      0%         N/A       100%        5
 Summon Mana Viper        Hex/Summ       0%         N/A       100%        5
 Yara's Violent Unravell  Hex/Alch       0%         3d3       100%        5
 Bombard                  Conj/Erth      0%         9d1       100%        6
 Conjure Ball Lightning   Conj/Air       0%         3x3d6     100%        6
 Death Channel            Necr           0%         N/A       100%        6
 Dispersal                Tloc           0%         N/A       100%        6
 Sculpt Simulacrum        Ice/Alch       0%         N/A       100%        6
 Starburst                Conj/Fire      0%         6d3       100%        6
 Summon Cactus Giant      Summ           0%         N/A       100%        6
 Enfeeble                 Hex            0%         N/A       100%        7
 Haunt                    Necr/Summ      0%         N/A       100%        7
 Monstrous Menagerie      Summ           0%         N/A       100%        7
 Orb of Destruction       Conj           0%         9d5       100%        7
 Spellforged Servitor     Conj/Summ      0%         N/A       100%        7
 Summon Hydra             Summ           0%         N/A       100%        7
 Borgnjor's Revivificati  Necr           0%         N/A       100%        8
 Discord                  Hex            0%         N/A       100%        8
 Disjunction              Tloc           0%         N/A       100%        8
 Ignition                 Fire           0%         3d3       100%        8
 Infestation              Necr           0%         N/A       100%        8
 Lehudib's Crystal Spear  Conj/Erth      0%         10d2      100%        8
 Maxwell's Capacitive Co  Air            0%         ∞         100%        8
 Summon Horrible Things   Summ           0%         N/A       100%        8
 Death's Door             Necr           0%         N/A       100%        9
 Dragon's Call            Summ           0%         N/A       100%        9


Dungeon Overview and Level Annotations

Branches:
Dungeon (15/15)            Temple (1/1) D:5            Lair (5/5) D:10
 Shoals (4/4) Lair:3       Spider (4/4) Lair:3        Slime (5/5) Lair:5
    Orc (2/2) D:12            Elf (3/3) Orc:2        Vaults (5/5) D:14
  Crypt (3/3) Vaults:2       Tomb (0/3) Crypt:3      Depths (4/4) D:15
    Zot (5/5) Depths:4     Bailey (visited)           IceCv (visited)
Volcano (visited)          WizLab (visited)         Gauntlet (visited)

Altars:
Ashenzari
Cheibriados
Dithmenos
Elyvilon
Fedhas
Gozag
Hepliaklqana
Kikubaaqudgha
Makhleb
Nemelex Xobeh
Okawaru
Qazlal
Ru
Sif Muna
Trog
Uskayaw
Vehumet
Wu Jian
Xom
Yredelemnul
Zin
The Shining One
Beogh
Jiyva
Lugonu

Shops:
D:1 [   D:6 (   D:13 *   Orc:1 [(   Orc:2 [?[***   Elf:1 :   Elf:2 (
Shoals:2 :   Shoals:3 (   Vaults:2 !   Vaults:3 ?   Vaults:4 *   Vaults:5 (

Portals:
Hell: Depths:1 Depths:2 Depths:3 Depths:4
Abyss: Lair:5 Depths:3
Pandemonium: Depths:1 Depths:2
Ziggurat: Depths:2

Annotations:
D:8 1 runed translucent door, jagoly's ghost, novice GrMo
Vaults:3 3 runed translucent doors, Yjimoseergh's ghost, adept SpFE
Depths:3 Not done
Depths:4 Need fly


Innate Abilities, Weirdness & Mutations

You are partially covered in iridescent scales. (AC +2)
You are dopey. (Int -2)
You are robust. (+10% HP)


Message History

It bursts into flame!
You block the cherub's attack. x2
You miss the cherub.
The cherub is heavily wounded.
You block the sixfirhy's attack.
You barely miss the cherub.
The cherub is heavily wounded.
You slice the sixfirhy!! You freeze the sixfirhy!
You block the sixfirhy's attack. x3
The cherub is engulfed in blazing flames.
You block the cherub's attack. The cherub pecks you.
You miss the sixfirhy.
The sixfirhy is almost dead.
You miss the cherub.
The cherub is engulfed in blazing flames.
You block the cherub's attack. The cherub gores you.
You feel protected from physical attacks.
You closely miss the sixfirhy.
The sixfirhy is almost dead.
You completely miss the cherub.
The sixfirhy is engulfed in blazing flames. x3
You kill the sixfirhy!
Qazlal accepts your kill.
You hit the cherub but do no damage.
The cherub is severely wounded.
The cherub is engulfed in blazing flames.
You block the cherub's attack. x2
Unknown command.
You slice the cherub!! You freeze the cherub.
The cherub is almost dead.
The cherub is engulfed in blazing flames.
You kill the cherub!
Qazlal accepts your kill.
No target in view!
No target in view!
Things that are here:
a +3 great sword of flaming; +0 pearl dragon scales Your protection from physical attacks is fading.
There is a staircase leading out of the dungeon here.
Okay, then.
You have escaped!

.# #..###.#######_.#.# .#
#...............#.# .#
#..#######.#.#....#### ##
#..)............#.)..#
##..............#.##.#
######...#########..#.##.#
###.........§..§......#.##.#
#..............§......#.##.#
##......#......§@......#.##.#
........#.....°○○°.....#.##.#
##......#......○.......#.##.#
#......#...#########.#..##.#
###.#..#.............##.##.#
##.#..#.###.......#####.#.#
###..)...>##########.###.##.#
÷....#.........# #..#.###.#
####.#.#######.#####...####.#


There were no monsters in sight!

Vanquished Creatures
  the Royal Jelly (Slime:5)
  A seraph (D:1)
  Frederick (Vaults:5)
  2 dread liches (Vaults:5)
  4 ancient liches
  6 orbs of fire
  Mara (Vaults:2)
  Mennas (Vaults:2)
  Josephina (Crypt:2)
  Parghit (Zot:1)
  Boris (thrice) (Crypt:2 Depths:3 Vaults:5)
  7 Killer Klowns (Zot:5)
  3 curse toes
  A caustic shrike (Depths:2)
  Norris (Vaults:2)
  2 profane servitors (Crypt:3)
  12 golden dragons
  3 bone dragons
  Arachne (Spider:4)
  2 Tzitzimimeh
  3 electric golems
  3 doom hounds (Zot:1)
  25 Orb Guardians (Zot:5)
  A Cloud Mage (WizLab)
  Jorgrun (Orc:1)
  15 tentacled monstrosities
  3 titans
  6 quicksilver dragons
  Mlioglotl (Shoals:3)
  8 liches
  2 deep elf blademasters (Elf:3)
  Zenata (Elf:2)
  Asterion (Elf:3)
  Grunn (Zot:1)
  8 sphinxes
  2 deep elf master archers (Elf:3)
  22 acid blobs
  11 death cobs
  4 ancient champions
  An Executioner (D:14)
  10 storm dragons
  Kirke (Elf:1)
  7 tengu reavers
  Roxanne (Spider:4)
  8 shadow dragons
  Ilsuiw (Shoals:2)
  6 fire giants
  6 protean progenitors
  12 azure jellies
  15 rockslimes
  6 draconian shifters
  6 frost giants
  6 draconian knights
  5 draconian monks
  7 ghost moths
  3 emperor scorpions
  5 spectral caustic shrikes (Depths:3)
  7 deep elf sorcerers
  9 vault wardens
  Louise (Spider:1)
  A juggernaut zombie (Crypt:3)
  4 curse skulls
  A spectral juggernaut (Depths:3)
  A cacodemon (Zot:1)
  2 iron dragons (Depths:3)
  3 draconian scorchers
  10 draconian stormcallers
  5 deep elf elementalists (Elf:3)
  2 balrugs
  2 draconian annihilators (Zot:3)
  14 ironbound preservers
  6 ironbound thunderhulks
  5 orc warlords
  12 ghouls
  2 formless jellyfish (Slime:3)
  9 stone giants
  3 broodmothers
  10 quicksilver oozes
  4 very ugly things
  15 deep elf death magi
  9 vampire knights
  5 black draconians
  2 minotaurs
  6 deep elf demonologists (Elf:3)
  20 yellow draconians
  7 green draconians
  5 dire elephants
  2 spectral titans (Depths:3)
  A lorocyproca (D:1)
  8 purple draconians
  2 war gargoyles
  6 deep elf annihilators (Elf:3)
  16 spark wasps
  8 red draconians
  13 white draconians
  A mummy priest (Crypt:3)
  13 ettins
  7 blizzard demons
  6 eidola
  2 green deaths
  A crystal guardian (Vaults:4)
  4 merfolk javelineers
  11 fire dragons
  2 spectral golden dragons (Depths:3)
  2 deep elf high priests (Elf:3)
  13 jiangshi
  4 merfolk impalers
  An acid blob zombie (Crypt:1)
  10 entropy weavers
  8 yaktaur captains
  A fenstrider witch zombie (Crypt:3)
  10 great orbs of eyes
  Fannar (Lair:2)
  A peacekeeper (Vaults:4)
  13 ice dragons
  2 spriggan zombies (Crypt:3)
  An entropy weaver (shapeshifter) (Lair:5)
  A spectral shadow dragon (Depths:3)
  6 spectral tengu (Depths:3)
  29 vault guards
  4 rakshasas
  7 ghost crabs
  5 ogre magi (Vaults:5)
  3 hydras
  4 spectral sphinxes (Depths:3)
  A hell beast (Depths:2)
  5 radroaches
  7 jorogumos
  2 juggernaut simulacra
  4 spriggan air magi
  3 anacondas (Zot:3)
  2 caustic shrike simulacra (Depths:3)
  15 two-headed ogres
  2 ironbound frosthearts
  An alligator snapping turtle (Shoals:4)
  15 centaur warriors
  3 merfolk avatars (Shoals:4)
  30 dancing weapons
  2 death knights (Crypt:3)
  3 spectral frost giants (Depths:3)
  14 satyrs
  5 tengu warriors
  3 death yaks (Lair:5)
  2 merfolk aquamancers (Shoals:3)
  9 boulder beetles
  4 hell hogs
  6 deep troll shamans
  2 deep troll earth magi
  9 vampire magi
  5 orc high priests
  A spriggan berserker (Depths:2)
  An Orb Guardian skeleton (Crypt:2)
  16 demonic crawlers
  15 hell knights
  An occultist (Depths:1)
  3 shock serpents
  4 thrashing horrors (Lair:5)
  Nergalle (Lair:2)
  5 skysharks
  8 deep elf knights
  8 soul eaters
  3 shadow wraiths
  Sonja (D:10)
  2 iron trolls
  A cherub (D:1)
  4 sun demons
  6 sixfirhies
  9 sea snakes
  Lodul (D:12)
  2 spectral spark wasps (Depths:3)
  2 goliath frogs (Zot:3)
  33 skeletal warriors
  A glowing orange brain (shapeshifter) (Vaults:5)
  4 death drakes
  39 deep trolls
  10 orb spiders
  5 arcanists
  8 pharaoh ants
  13 flayed ghosts
  7 lindwurms
  A spectral iron dragon (Depths:3)
  An anaconda zombie (Crypt:3)
  4 orange crystal statues
  A bunyip skeleton (Crypt:1)
  A bog body (Crypt:1)
  8 sun moths
  A sea snake (shapeshifter) (Vaults:5)
  2 fenstrider witch simulacra (Crypt:2)
  10 steelbarb worms
  16 ironbound convokers
  A large abomination (Lair:5)
  9 glowing orange brains
  20 deep elf pyromancers
  21 phantasmal warriors
  19 harpies
  A spriggan simulacrum (Depths:3)
  11 deep elf archers
  5 oklob plants (Zot:3)
  19 orc knights
  18 manticores
  6 necromancers
  28 deep elf zephyrmancers
  An orc sorcerer (Vaults:2)
  23 ugly things
  10 cyclopes
  20 wolf spiders
  2 naga zombies (Crypt:3)
  A frost giant zombie (Crypt:2)
  19 fauns
  A shadow dragon skeleton (Crypt:2)
  2 shining eyes
  A moth of wrath (shapeshifter) (Vaults:5)
  A salamander (Depths:1)
  A shock serpent zombie (Crypt:1)
  16 meliai
  10 elephants
  8 merfolk sirens
  13 vault sentinels
  Joseph (D:7)
  35 moths of wrath
  2 ice statues (IceCv)
  A goliath frog skeleton (Crypt:2)
  3 kobold blastminers
  A rust devil (D:10)
  7 torpor snails
  A stone giant skeleton (Vaults:1)
  7 water nymphs
  3 black mambas
  An eye of devastation (shapeshifter) (Elf:2)
  4 apocalypse crabs (WizLab)
  7 smoke demons
  An alligator snapping turtle zombie (Crypt:3)
  5 eyes of devastation
  A white draconian zombie (Crypt:1)
  A dire elephant zombie (Crypt:3)
  A cane toad (shapeshifter) (Vaults:5)
  Maggie (D:9)
  2 titan simulacra (Depths:3)
  An emperor scorpion simulacrum (Crypt:2)
  12 cane toads
  2 unseen horrors (D:13)
  2 rime drakes
  15 yaktaurs
  3 efreet
  9 komodo dragons
  A bunyip simulacrum (Crypt:2)
  4 kobold demonologists
  A rime drake (shapeshifter) (D:14)
  3 golden dragon simulacra (Depths:3)
  5 guardian mummies
  4 freezing wraiths
  An ice devil (Gauntlet)
  A yaktaur (shapeshifter) (Elf:3)
  A black draconian skeleton (Crypt:1)
  4 harpy zombies (Crypt:3)
  5 spectral glowing shapeshifters (Depths:3)
  11 trolls
  6 tengu conjurers
  A grey draconian skeleton (Crypt:2)
  3 tyrant leeches (Spider:1)
  2 red devils
  A tengu simulacrum (Depths:3)
  Prince Ribbit (D:7)
  37 merfolk
  5 polar bears
  5 wind drakes
  4 hornets
  2 raiju (Lair:5)
  5 snapping turtles
  6 glass eyes
  8 saltlings (Orc:2)
  29 tarantellas
  14 dream sheep
  2 ettin zombies (Crypt:3)
  31 blink frogs
  A centaur simulacrum (D:15)
  12 culicivoras
  9 air elementals
  2 elf zombies
  A fire dragon skeleton (Crypt:2)
  3 shadows
  70 slime creatures
  A spriggan (shapeshifter) (Elf:1)
  9 wraiths
  21 jumping spiders
  A vampire (D:12)
  2 ynoxinuls (Lair:5)
  A spriggan (Lair:5)
  14 water elementals
  7 wyverns
  An ushabti (Crypt:3)
  A basilisk (shapeshifter) (Elf:1)
  4 fire elementals
  52 yaks
  4 wargs
  2 hogs (Elf:1)
  2 humans (D:14)
  31 redbacks
  7 golden eyes (Slime:5)
  10 vampire mosquitoes
  5 steam dragons
  Menkaure (D:6)
  5 basilisks
  A neqoxec (D:10)
  A chaos spawn (Lair:5)
  2 nagas
  4 acid dragons
  21 water moccasins
  Duvessa (D:7)
  3 hell hounds (Volcano)
  8 great orb of eyes simulacra (IceCv)
  4 hydra simulacra (Lair:5)
  A faun skeleton (Crypt:1)
  A swamp drake (shapeshifter) (Lair:5)
  33 orc warriors
  An ice beast (D:6)
  A sky beast (shapeshifter) (Lair:5)
  A water nymph skeleton (Crypt:2)
  4 black bears
  11 wolves
  7 laughing skulls
  9 small abominations (Lair:5)
  22 ogres
  26 centaurs
  2 slime creature simulacra (IceCv)
  A phantom (D:7)
  12 bullfrogs
  7 kobold brigands
  4 earth elementals
  A gnoll sergeant (D:10)
  4 scorpions
  An entropy weaver simulacrum (Vaults:1)
  2 glowing shapeshifter simulacra (IceCv)
  14 necrophages
  A yaktaur skeleton (Crypt:2)
  7 wyvern skeletons (Crypt:3)
  3 wights (D:6)
  Dowan (D:7)
  3 killer bees (D:8)
  2 electric eels
  A howler monkey (D:8)
  33 jellies
  A lava snake (D:7)
  3 bombardier beetles
  3 human zombies (Crypt:1)
  20 orc priests
  Crazy Yiuf (D:6)
  3 gnoll boudas
  6 hounds
  A human skeleton (Crypt:1)
  Natasha (thrice) (D:2)
  5 iguanas
  10 hell rats
  24 orc wizards
  3 shapeshifter simulacra (IceCv)
  A boggart skeleton (Crypt:1)
  An acid dragon zombie (Crypt:2)
  3 mummies (Crypt:1)
  7 gnolls
  8 adders
  3 shadow imps
  6 white imps
  7 hell rat simulacra (Lair:5)
  A dart slug (D:1)
  99 orcs
  A bat skeleton (Crypt:1)
  18 endoplasms
  3 giant cockroaches
  16 goblins
  9 hobgoblins
  4 jackals
  3 quokkas (D:1)
  9 ball pythons
  8 bats
  4 frilled lizards
  27 kobolds
  A kobold skeleton (Crypt:2)
  An orc skeleton (Crypt:1)
  5 rats
  A river rat skeleton (Crypt:1)
  A butterfly (Lair:4)
2591 creatures vanquished.

Vanquished Creatures (collateral kills)
  Nikola (Spider:1)
  A hydra (D:10)
  2 death yaks (Lair:2)
  A torpor snail (Lair:2)
5 creatures vanquished.

Vanquished Creatures (others)
  3 fire giants
  A deep elf elementalist (Elf:3)
  A deep elf knight (Elf:2)
  A shock serpent (WizLab)
  A harpy (Shoals:1)
  A faun (Shoals:3)
  A hellion (Depths:1)
  A tyrant leech (Spider:1)
  2 air elementals
  3 humans (Elf:1)
  An orc priest (Orc:1)
16 creatures vanquished.

Grand Total: 2612 creatures vanquished

Notes
Turn   | Place    | Note
-------+----------+-------------------------------------------
     0 | D:1      | Taxman1966 the Hill Orc Fighter began the quest for the
                  | Orb.
     0 | D:1      | Reached XP level 1. HP: 19/19 MP: 1/1
     1 | D:1      | Found a faded altar of an unknown god.
   146 | D:1      | Reached XP level 2. HP: 27/27 MP: 2/2
   413 | D:1      | Found Nitzoy's Armour Boutique.
   483 | D:1      | Reached XP level 3. HP: 33/33 MP: 3/3
   829 | D:2      | Reached skill level 5 in Axes
   829 | D:2      | Reached XP level 4. HP: 27/41 MP: 4/4
   902 | D:2      | Found a stormy altar of Qazlal.
   911 | D:2      | Became a worshipper of Qazlal Stormbringer
  1337 | D:2      | Noticed Natasha
  1344 | D:2      | Killed Natasha
  1345 | D:2      | Reached XP level 5. HP: 41/47 MP: 5/5
  1713 | D:2      | Found a stormy altar of Qazlal.
  1903 | D:2      | Noticed Natasha
  1910 | D:2      | Killed Natasha
  1911 | D:2      | Reached skill level 1 in Invocations
  1936 | D:2      | Noticed Natasha
  1942 | D:2      | Killed Natasha
  2825 | D:4      | Reached skill level 5 in Fighting
  2825 | D:4      | Reached XP level 6. HP: 36/56 MP: 7/7
  2844 | D:4      | Reached * piety under Qazlal
  3154 | D:4      | Found a broken altar of Ashenzari.
  3158 | D:4      | Found a basalt altar of Yredelemnul.
  3556 | D:4      | Identified the +1 spear "Niedwohu" {freeze, Str+2}
  3631 | D:4      | Reached XP level 7. HP: 60/61 MP: 8/8
  3755 | D:5      | Entered Level 5 of the Dungeon
  4117 | D:5      | Found a staircase to the Ecumenical Temple.
  4127 | Temple   | Entered the Ecumenical Temple
  4890 | D:6      | Found the +10 tower shield of Ignorance {rN+ Int-4}
  4903 | D:6      | Noticed Menkaure
  4912 | D:6      | Killed Menkaure
  4971 | D:6      | Reached XP level 8. HP: 56/70 MP: 10/10
  5095 | D:6      | Reached skill level 5 in Armour
  5149 | D:6      | Reached skill level 5 in Shields
  5311 | D:6      | Reached ** piety under Qazlal
  5557 | D:6      | Reached skill level 5 in Invocations
  5586 | D:6      | Found Sabeetige's Weapon Shop.
  5590 | D:6      | Found Hudiesm's Magic Scroll Shoppe.
  5599 | D:6      | Bought 2 scrolls of identify for 40 gold pieces
  5599 | D:6      | Bought a scroll of blinking for 75 gold pieces
  5599 | D:6      | Bought a scroll of fear for 40 gold pieces
  5599 | D:6      | Bought a scroll of poison for 40 gold pieces
  5599 | D:6      | Bought a scroll of vulnerability for 40 gold pieces
  5599 | D:6      | Bought a scroll of amnesia for 40 gold pieces
  5853 | D:6      | Found a runed translucent door.
  5854 | D:6      | Noticed Crazy Yiuf
  6058 | D:7      | Noticed Prince Ribbit
  6287 | D:6      | Reached XP level 9. HP: 78/78 MP: 12/12
  6321 | D:7      | Killed Prince Ribbit
  6322 | D:7      | Reached skill level 10 in Axes
  6524 | D:7      | Found a hazy altar of Hepliaklqana.
  6524 | D:7      | Found a glowing silver altar of Zin.
  6762 | D:7      | Noticed Joseph
  6781 | D:7      | Killed Joseph
  7040 | D:7      | Noticed Dowan
  7040 | D:7      | Noticed Duvessa
  7060 | D:7      | Killed Duvessa
  7061 | D:7      | Killed Dowan
  7426 | D:6      | Bought a scroll of identify for 20 gold pieces
  7426 | D:6      | Bought a scroll of identify for 20 gold pieces
  7426 | D:6      | Bought a scroll of identify for 20 gold pieces
  7604 | D:8      | Reached XP level 10. HP: 74/88 MP: 15/15
  7615 | D:8      | Found a flagged portal.
  7675 | Bailey   | Entered a bailey
  7694 | Bailey   | Reached *** piety under Qazlal
  8226 | Bailey   | Identified the +0 helmet of Greed {^Contam Rampage Dex+2}
  8638 | D:8      | Found a runed translucent door.
  8641 | D:8      | Noticed a tengu warrior
  8643 | D:8      | Noticed jagoly's ghost (novice GrMo)
  8652 | D:8      | Noticed a two-headed ogre
  8670 | D:8      | Killed a two-headed ogre
  9991 | D:9      | Noticed Maggie
 10021 | D:9      | Killed Maggie
 10022 | D:9      | Reached XP level 11. HP: 82/97 MP: 17/17
 10055 | D:9      | Reached **** piety under Qazlal
 10231 | D:9      | Noticed a two-headed ogre
 10247 | D:9      | Killed a two-headed ogre
 10647 | D:9      | Reached skill level 10 in Fighting
 10805 | D:9      | Noticed a red ugly thing
 10814 | D:9      | Killed a red ugly thing
 11089 | D:10     | Entered Level 10 of the Dungeon
 11159 | D:10     | Noticed a two-headed ogre
 11192 | D:10     | Killed a two-headed ogre
 11229 | D:10     | Reached skill level 10 in Invocations
 11285 | D:10     | Noticed a seven-headed hydra
 11291 | D:10     | Killed a seven-headed hydra
 11561 | D:10     | Noticed a two-headed ogre
 11567 | D:10     | Noticed a red ugly thing
 11571 | D:10     | Killed a two-headed ogre
 11950 | D:10     | Noticed a deep elf pyromancer
 11981 | D:10     | Reached XP level 12. HP: 108/108 MP: 19/19
 12102 | D:10     | Noticed Sonja
 12108 | D:10     | Killed Sonja
 12359 | D:10     | Noticed a two-headed ogre
 12370 | D:10     | Killed a two-headed ogre
 12371 | D:10     | Reached skill level 10 in Armour
 12371 | D:10     | Found a staircase to the Lair.
 12475 | D:10     | Identified the staff "Newnusch" {rElec Dex+3 Earth}
 13304 | Lair:1   | Entered Level 1 of the Lair of Beasts
 13825 | Lair:1   | Reached skill level 10 in Shields
 13930 | Lair:1   | Reached ***** piety under Qazlal
 14098 | Lair:1   | Noticed a boulder beetle
 14237 | Lair:1   | Killed a boulder beetle
 14590 | Lair:1   | Reached XP level 13. HP: 110/118 MP: 22/22
 14831 | Lair:2   | Noticed Nergalle
 14839 | Lair:2   | Killed Nergalle
 14974 | Lair:2   | Noticed Fannar
 14986 | Lair:2   | Killed Fannar
 15367 | Lair:2   | Reached skill level 1 in Throwing
 15367 | Lair:2   | Reached skill level 1 in Dodging
 16124 | Lair:3   | Reached skill level 15 in Axes
 16753 | Lair:3   | Found a staircase to the Shoals.
 16965 | Lair:3   | Found a hole to the Spider Nest.
 17079 | Lair:4   | Reached XP level 14. HP: 115/129 MP: 24/24
 17162 | Lair:4   | Found a dark tunnel.
 17184 | Volcano  | Entered a volcano
 17249 | Volcano  | Found the +3 pair of mountain boots {steadfast, rC+}
 18358 | Lair:5   | Entered Level 5 of the Lair of Beasts
 18392 | Lair:5   | Reached skill level 1 in Evocations
 18922 | Lair:5   | Found a staircase to the Slime Pits.
 18923 | Lair:5   | Found a viscous altar of Jiyva.
 19354 | Lair:5   | Reached ****** piety under Qazlal
 19462 | Lair:5   | Found a burning altar of Makhleb.
 20244 | Lair:5   | Found a corrupted altar of Lugonu.
 20244 | Lair:5   | Found a one-way gate to the infinite horrors of the Abyss.
 20645 | D:11     | Reached XP level 15. HP: 126/139 MP: 26/26
 21656 | D:12     | Found a white marble altar of Elyvilon.
 21684 | D:12     | Found a gate leading to a gauntlet.
 21716 | D:12     | Reached skill level 15 in Invocations
 21723 | Gauntlet | Entered a Gauntlet
 21723 | Gauntlet | Found a transporter.
 21723 | Gauntlet | Found a transporter.
 21725 | Gauntlet | Found a transporter.
 21725 | Gauntlet | Found a transporter.
 21728 | Gauntlet | Found a transporter.
 21770 | Gauntlet | Found a transporter.
 21770 | Gauntlet | Found a transporter.
 21784 | Gauntlet | Found a transporter.
 21800 | Gauntlet | Found a transporter.
 21810 | Gauntlet | Found a transporter.
 21824 | Gauntlet | Found a transporter.
 21836 | Gauntlet | Found a transporter.
 21845 | Gauntlet | Found a transporter.
 21858 | Gauntlet | Found a transporter.
 22155 | Gauntlet | Identified the +1 helmet of Bask {rN+ Int+3}
 22218 | Gauntlet | Identified the ring of Lugik {Ice Int+3}
 22317 | Gauntlet | Identified the +6 dagger of Understanding {freeze, rF- rC+
                  | Str+3 Stlth+}
 22317 | Gauntlet | Identified the +8 mace "Gienoim" {freeze, *Corrode rN++
                  | Dex+3 Stlth+}
 22378 | D:12     | Noticed Lodul
 22387 | D:12     | Killed Lodul
 22855 | D:12     | Found a staircase to the Orcish Mines.
 23194 | D:13     | Found Pefaic's Serpentskin Sales.
 23244 | D:13     | Reached skill level 15 in Fighting
 24130 | D:14     | Found a gate to the Vaults.
 24376 | D:15     | Entered Level 15 of the Dungeon
 24842 | D:15     | Found a staircase to the Depths.
 24915 | D:15     | Found an iron altar of Okawaru.
 25053 | D:15     | Reached XP level 16. HP: 115/149 MP: 28/28
 26105 | Orc:1    | Entered Level 1 of the Orcish Mines
 26116 | Orc:1    | Noticed Jorgrun
 26131 | Orc:1    | Killed Jorgrun
 26539 | Orc:1    | Found Qypry's Weapon Shop.
 26560 | Orc:1    | Found Dobett's Antique Armour Boutique.
 26571 | Orc:1    | Found a roughly hewn altar of Beogh.
 26658 | Orc:2    | Entered Level 2 of the Orcish Mines
 26660 | Orc:2    | Found a frozen archway.
 26675 | Orc:2    | Found Beepn's Specific Store.
 26679 | Orc:2    | Found Adirch's General Store.
 26686 | Orc:2    | Bought a potion of heal wounds for 65 gold pieces
 26758 | IceCv    | Entered an ice cave
 27013 | IceCv    | Noticed an azure jelly
 27027 | IceCv    | Killed an azure jelly
 27187 | IceCv    | Found a viscous altar of Jiyva.
 27206 | IceCv    | Identified the +3 ring mail of Jaxage {^Drain rCorr Slay+2}
 27211 | IceCv    | Identified the ring of Adoom {rCorr Str+3 Dex+6}
 27214 | IceCv    | Got the +10 whip of the Median {freeze, Dex+2}
 27218 | IceCv    | Got the ring "Xoarej" {Ice Dex+4 Stlth+}
 27391 | Orc:2    | Found a staircase to the Elven Halls.
 27582 | Orc:2    | Found a roughly hewn altar of Beogh.
 27909 | Orc:2    | Found Videaloe's General Store.
 27922 | Orc:2    | Found Myif's Antique Armour Shoppe.
 27923 | Orc:2    | Found a roughly hewn altar of Beogh.
 27924 | Orc:2    | Found Ceinahuj's Magic Scroll Shoppe.
 27934 | Orc:2    | Found Lisaud's Antique Armour Shoppe.
 28041 | Orc:2    | Bought a scroll of revelation for 90 gold pieces
 28041 | Orc:2    | Bought the +3 pair of gauntlets of War {Slay+5} for 570
                  | gold pieces
 28041 | Orc:2    | Found the +3 pair of gauntlets of War {Slay+5}
 28071 | Orc:2    | Bought a crude cloak for 313 gold pieces
 28071 | Orc:2    | Identified the +1 cloak of Pragmatism {rF++ Will+++ Int-3
                  | Dex+2} (You bought it in a shop on level 2 of the Orcish
                  | Mines)
 28644 | D:6      | Killed Crazy Yiuf
 28939 | Shoals:1 | Entered Level 1 of the Shoals
 29028 | Shoals:1 | Found a flickering gateway to a bazaar.
 29055 | Bazaar   | Entered a bazaar
 29069 | Bazaar   | Found Oqunuty's Jewellery Emporium.
 29069 | Bazaar   | Found Diaqi's Book Shoppe.
 29090 | Bazaar   | Found Guklae's Weapon Emporium.
 29120 | Bazaar   | Found Forau's Magic Scroll Emporium.
 29137 | Bazaar   | Found Apniafa's Jewellery Emporium.
 29137 | Bazaar   | Found Eplian's Armour Shoppe.
 29220 | Bazaar   | Bought the ring of Curoicvi {Str+2 SInv} for 235 gold
                  | pieces
 29220 | Bazaar   | Bought the ring of Kuopn {rC+ Str+6 Dex+4} for 525 gold
                  | pieces
 29250 | Bazaar   | Bought a scroll of blinking for 120 gold pieces
 29250 | Bazaar   | Bought a scroll of blinking for 120 gold pieces
 29347 | Shoals:1 | Found a transporter.
 29600 | Shoals:1 | Found a transporter.
 29601 | Shoals:1 | Found the +3 pair of seven-league boots {Rampage+∞}
 29627 | Shoals:1 | Identified the +1 scimitar of Eckiheorph {speed, rPois}
 30406 | Shoals:2 | Reached XP level 17. HP: 160/160 MP: 29/29
 30409 | Shoals:2 | Noticed Ilsuiw
 30541 | Shoals:2 | Killed Ilsuiw
 30584 | Shoals:2 | Found Seemyupsa's Book Shoppe.
 31152 | Shoals:3 | Noticed Mlioglotl
 31174 | Shoals:3 | Killed Mlioglotl
 31349 | Shoals:3 | Reached skill level 15 in Shields
 31784 | Shoals:3 | Found Veprub's Weapon Emporium.
 31891 | Shoals:2 | Identified the +3 rapier of Armageddon {protect, rF+}
 32029 | Shoals:4 | Entered Level 4 of the Shoals
 32658 | Shoals:4 | Got Hoepeuno's Omnibus of the Morgue
 32687 | Shoals:4 | Noticed a sphinx
 32689 | Shoals:4 | Noticed a sphinx
 32701 | Shoals:4 | Killed a sphinx
 32702 | Shoals:4 | Reached XP level 18. HP: 135/171 MP: 31/31
 32825 | Shoals:4 | Got a barnacled rune of Zot
 32894 | Shoals:4 | Got Xam Waod's Codex of the Combined Gargoyle
 33039 | Spider:1 | Entered Level 1 of the Spider Nest
 33256 | Spider:1 | Noticed Louise
 33298 | Spider:1 | Killed Louise
 33421 | Spider:1 | Noticed Nikola
 33446 | Spider:1 | Killed Nikola
 33473 | Spider:1 | Identified a scroll of acquirement
 34093 | Spider:2 | Reached skill level 15 in Armour
 34106 | Spider:1 | Reached skill level 5 in Dodging
 34753 | Spider:2 | HP: 8/171 [emperor scorpion simulacrum (7)]
 35144 | Spider:3 | Reached XP level 19. HP: 181/181 MP: 32/32
 35842 | D:6      | Bought a scroll of blinking for 75 gold pieces
 36054 | Spider:4 | Entered Level 4 of the Spider Nest
 36433 | Spider:4 | Noticed Arachne
 36474 | Spider:4 | Killed Arachne
 37117 | Spider:4 | Noticed Roxanne
 37144 | Spider:4 | Killed Roxanne
 37505 | Spider:4 | Got a gossamer rune of Zot
 37758 | Elf:1    | Entered Level 1 of the Elven Halls
 37768 | Elf:1    | Paralysed by an air elemental for 1 turns
 37774 | Elf:1    | Paralysed by an air elemental for 1 turns
 37787 | Elf:1    | Noticed Kirke
 37799 | Elf:1    | Killed Kirke
 37801 | Elf:1    | Found a radiant altar of Vehumet.
 37968 | Elf:1    | Found Edeskocek's Book Boutique.
 38001 | Elf:1    | Got Asmodeus's Catalogue of Arcane Combat and the Entourage
 38596 | Elf:2    | Reached XP level 20. HP: 193/193 MP: 34/34
 38632 | Elf:2    | Found Myamiog's Weapon Shop.
 38791 | Elf:2    | Paralysed by an air elemental for 1 turns
 38923 | Elf:2    | Found a runed translucent gate.
 38923 | Elf:2    | Found a runed translucent gate.
 38923 | Elf:2    | Found a runed translucent gate.
 39570 | Elf:2    | Noticed Zenata
 39574 | Elf:2    | Killed Zenata
 40304 | Elf:3    | Entered Level 3 of the Elven Halls
 40308 | Elf:3    | Paralysed by an air elemental for 1 turns
 40311 | Elf:3    | Paralysed by an air elemental for 1 turns
 40316 | Elf:3    | Paralysed by an air elemental for 1 turns
 40700 | Elf:3    | Noticed Asterion
 40708 | Elf:3    | Killed Asterion
 41157 | Elf:3    | Identified the +3 scimitar "Sauzilap" {speed, rElec Will+
                  | rCorr}
 41239 | Elf:3    | Identified the +9 ring mail "Oguor" {rF+ rN+ MP+9}
 41240 | Elf:3    | Identified the staff of Locus Delicti {rN+ Str-5 Dex+3
                  | Conj}
 41241 | Elf:3    | Identified the ring "Nunwixke" {Wiz rN+}
 41256 | Elf:3    | Identified the +8 quick blade of the Bursted God {spect,
                  | rPois rC+++ rN+ Stlth-}
 41257 | Elf:3    | Identified the +4 falchion of Kismet {freeze, rC- rCorr
                  | Int+6 Dex-5}
 41265 | Elf:3    | Got Teetienics's Discourse on the Stormy Voyage
 41276 | Elf:3    | Identified the +1 halberd "Woykaj" {flame, Str+6 SInv}
 41287 | Elf:3    | Identified the staff of Impermanence {Dex+3 SInv Conj}
 41347 | Elf:3    | Identified the +3 scimitar "Giuv" {heavy, rElec Int+3}
 41754 | Vaults:1 | Entered Level 1 of the Vaults
 41777 | Vaults:1 | Reached XP level 21. HP: 179/204 MP: 36/36
 42821 | Vaults:2 | Noticed Mennas
 42837 | Vaults:2 | Killed Mennas
 42958 | Vaults:2 | Found a magical portal.
 42973 | WizLab   | Entered The Chambers of the Cloud Mage
 42979 | WizLab   | Paralysed by an air elemental for 1 turns
 43319 | WizLab   | Paralysed by an air elemental for 1 turns
 43325 | WizLab   | Paralysed by an air elemental for 1 turns
 43561 | WizLab   | Got the Encyclopedia of Haze
 43677 | Vaults:2 | Noticed Mara
 43700 | Vaults:2 | Noticed Taxman1966's illusion
 43701 | Vaults:2 | Killed Mara
 43722 | Vaults:2 | Found a staircase to the Crypt.
 43722 | Vaults:2 | Found an ancient bone altar of Kikubaaqudgha.
 43723 | Vaults:2 | Found a basalt altar of Yredelemnul.
 43749 | Vaults:2 | Noticed Norris
 43776 | Vaults:2 | Killed Norris
 43944 | Vaults:2 | Found Eziff's Distillery.
 44411 | Vaults:2 | Reached XP level 22. HP: 175/215 MP: 37/37
 45109 | Vaults:3 | Found Boole's Magic Scroll Boutique.
 45446 | Vaults:3 | Found a runed translucent gate.
 45446 | Vaults:3 | Noticed Yjimoseergh's ghost (adept SpFE)
 45447 | Vaults:3 | Found a runed translucent gate.
 45448 | Vaults:3 | Found a runed translucent gate.
 45449 | Vaults:3 | Found a roughly hewn altar of Beogh.
 45450 | Vaults:3 | Identified the +1 troll leather armour of the Chimera
                  | {Regen+ MP+9}
 46470 | Vaults:4 | Found Hiloghe's General Store.
 46478 | Vaults:4 | Bought a scroll of revelation for 97 gold pieces
 47423 | Crypt:1  | Entered Level 1 of the Crypt
 47493 | Crypt:1  | Identified the +0 leather armour "Diemuq" {Int+3}
 48414 | Crypt:2  | Identified the ring of the Final Chapter {Ice Dex+2}
 48414 | Crypt:2  | Noticed Josephina
 48417 | Crypt:2  | Noticed Boris
 48435 | Crypt:2  | Killed Josephina
 48449 | Crypt:2  | Killed Boris
 48869 | Crypt:2  | Found a huge runed translucent gate.
 48869 | Crypt:2  | Found a huge runed translucent gate.
 48870 | Crypt:2  | Found a huge runed translucent gate.
 48870 | Crypt:2  | Found a huge runed translucent gate.
 48870 | Crypt:2  | Found a huge runed translucent gate.
 48871 | Crypt:2  | Found a huge runed translucent gate.
 48871 | Crypt:2  | Found a huge runed translucent gate.
 48874 | Crypt:2  | Found a huge runed translucent gate.
 48874 | Crypt:2  | Found a huge runed translucent gate.
 49091 | Crypt:2  | Got the Opusculum on Curses and the Queen Bee
 49168 | Crypt:3  | Entered Level 3 of the Crypt
 49201 | Crypt:3  | Reached XP level 23. HP: 227/227 MP: 39/39
 49809 | Crypt:3  | Found a staircase to the Tomb.
 49857 | Crypt:3  | Identified the ring "Fossiarao" {rElec Will+++ Str-4 Int+6}
 50615 | Crypt:3  | Found a basalt altar of Yredelemnul.
 50916 | Crypt:3  | Got Zonguldrok's Tome of the Crypt
 51621 | Depths:1 | Entered Level 1 of the Depths
 51783 | Depths:1 | Found an ornate altar of the Wu Jian Council.
 51942 | Depths:1 | Found a gateway to Hell.
 52443 | Depths:1 | Found a one-way gate leading to the halls of Pandemonium.
 53228 | Depths:2 | Reached XP level 24. HP: 240/240 MP: 40/40
 53489 | Depths:2 | Identified the +9 morningstar "Trog's Hatred" {holy, +Blink
                  | rElec rC-}
 53602 | Depths:2 | Noticed a caustic shrike
 53616 | Depths:2 | Killed a caustic shrike
 53794 | Depths:2 | Found a one-way gateway to a ziggurat.
 54338 | Depths:4 | Entered Level 4 of the Depths
 54425 | Depths:4 | Reached skill level 27 in Invocations
 54580 | Depths:4 | Found a gate to the Realm of Zot.
 54684 | Depths:4 | Got a midnight gem with 55 turns to spare
 55049 | Slime:1  | Entered Level 1 of the Pits of Slime
 55249 | Slime:5  | Entered Level 5 of the Pits of Slime
 55288 | Slime:5  | Noticed the Royal Jelly
 55298 | Slime:5  | Killed the Royal Jelly
 55351 | Slime:5  | Got a starry gem with 330 turns to spare
 55355 | Slime:5  | Got a slimy rune of Zot
 55364 | Slime:5  | Identified the +1 buckler of the Feral Turtledove {rC+
                  | Int+3}
 55372 | Slime:5  | Identified the ring of Viariuva {Str+6 Slay+2}
 55449 | Slime:5  | Identified the amulet of Pride {Acrobat Dex+3}
 55457 | Slime:5  | Identified the ring "Sutaluj" {Str+6 SInv}
 55476 | Slime:5  | Identified the +7 longbow "Jofrohixt" {drain, rCorr SInv}
 55477 | Slime:5  | Identified the +1 ring mail of Submission {Str+5 Int+3}
 55516 | Slime:5  | Identified the +1 scimitar of Evolution {drain, rC+ rN++
                  | Str-3 Stlth+}
 55522 | Slime:5  | Identified the +9 trident "Goblinbane" {venom, *Rage rF+++
                  | rC+ rN+}
 55575 | Slime:5  | Identified the staff of Might {rN+ Will+ Necro}
 55617 | Slime:5  | Reached XP level 25. HP: 250/253 MP: 40/40
 57889 | Depths:3 | Noticed an ancient lich
 57903 | Depths:3 | Killed an ancient lich
 58053 | Depths:3 | Noticed Boris
 58062 | Depths:3 | Killed Boris
 58264 | Depths:3 | Reached skill level 27 in Fighting
 59547 | Shoals:2 | Bought a manual of Throwing for 1120 gold pieces
 60313 | Vaults:2 | Bought a potion of curing for 42 gold pieces
 60313 | Vaults:2 | Bought a potion of invisibility for 112 gold pieces
 60313 | Vaults:2 | Bought a potion of curing for 42 gold pieces
 60313 | Vaults:2 | Bought 2 potions of magic for 224 gold pieces
 60313 | Vaults:2 | Bought a potion of resistance for 140 gold pieces
 60547 | Orc:2    | Bought a scroll of enchant weapon for 112 gold pieces
 60547 | Orc:2    | Bought 2 scrolls of teleportation for 90 gold pieces
 60547 | Orc:2    | Bought a scroll of teleportation for 45 gold pieces
 60849 | Vaults:3 | Bought a scroll of blinking for 82 gold pieces
 60849 | Vaults:3 | Bought a scroll of blinking for 82 gold pieces
 60849 | Vaults:3 | Bought a scroll of teleportation for 33 gold pieces
 60957 | Vaults:5 | Entered Level 5 of the Vaults
 60967 | Vaults:5 | Noticed a dread lich
 60974 | Vaults:5 | Killed a dread lich
 60975 | Vaults:5 | Reached skill level 5 in Throwing
 61099 | Vaults:5 | Noticed Boris
 61106 | Vaults:5 | Killed Boris
 61107 | Vaults:5 | Reached XP level 26. HP: 240/266 MP: 32/40
 61202 | Vaults:5 | Found Ecus's Weapon Shoppe.
 61278 | Vaults:5 | Identified the orb "Xocs" {light, Conj}
 61278 | Vaults:5 | Noticed Frederick
 61302 | Vaults:5 | Killed Frederick
 61362 | Vaults:5 | Noticed a dread lich
 61376 | Vaults:5 | Killed a dread lich
 61416 | Vaults:5 | Got a silver rune of Zot
 61495 | Vaults:5 | Identified the +4 arbalest of Uwkuiroira {drain, rPois}
 61498 | Vaults:5 | Identified the staff "Tukishut" {^Contam rElec rPois Str+2
                  | Summ Alchemy}
 61657 | Vaults:5 | Got the Tome of Elliptic Chilblains
 62325 | Vaults:4 | Bought a potion of mutation for 104 gold pieces
 62456 | Vaults:3 | Bought a scroll of enchant armour for 82 gold pieces
 62727 | Lair:1   | Acquired 670 gold pieces
 62729 | Lair:1   | Acquired the amulet of Xom's Capriciousness {Acrobat rC+
                  | Str+3}
 62741 | Lair:1   | Acquired the +1 cloak of Knowledge {rF+ rCorr Int-3 Stlth+}
 62745 | Lair:1   | Acquired 744 gold pieces
 62988 | Zot:1    | Entered Level 1 of the Realm of Zot
 63164 | Zot:1    | Noticed an orb of fire
 63167 | Zot:1    | Killed an orb of fire
 63269 | Zot:1    | Noticed Grunn
 63284 | Zot:1    | Killed Grunn
 63384 | Zot:1    | Noticed Parghit
 63438 | Zot:1    | Killed Parghit
 63717 | Zot:1    | Reached XP level 27. HP: 240/273 MP: 40/40
 63753 | Zot:1    | Identified the +4 rapier of Guilt {venom, rF++ Int+4 Dex+3
                  | Stlth+}
 63783 | Zot:1    | Identified the +0 leather armour of Least Resistance {rF+
                  | rN+ Str+3}
 63823 | Zot:1    | Identified the ring of Viamorotto {Fly rN+ rCorr Str+3}
 64807 | Zot:2    | Identified the +3 trident of Gozag's Hope {antimagic,
                  | rCorr}
 64939 | Zot:2    | Noticed an orb of fire
 64943 | Zot:2    | Gained mutation: Armour fits poorly on your strangely
                  | shaped body. [an orb of fire]
 64948 | Zot:2    | Killed an orb of fire
 64949 | Zot:2    | Reached skill level 10 in Throwing
 65751 | Zot:3    | Noticed an orb of fire
 65760 | Zot:3    | Gained mutation: You are vulnerable to heat. (rF-) [an orb
                  | of fire]
 65763 | Zot:3    | Killed an orb of fire
 67536 | Zot:4    | Lost mutation: Armour fits poorly on your strangely shaped
                  | body. [potion of mutation]
 67536 | Zot:4    | Lost mutation: You are vulnerable to heat. (rF-) [potion of
                  | mutation]
 67536 | Zot:4    | Gained mutation: Your health recovers twice as slowly from
                  | being drained. [potion of mutation]
 67536 | Zot:4    | Gained mutation: You have large cloven feet. [potion of
                  | mutation]
 67536 | Zot:4    | Lost mutation: You have large cloven feet. [potion of
                  | mutation]
 67536 | Zot:4    | Gained mutation: You are strong-willed. (Will+) [potion of
                  | mutation]
 67537 | Zot:4    | Lost mutation: Your health recovers twice as slowly from
                  | being drained. [potion of mutation]
 67537 | Zot:4    | Lost mutation: You are strong-willed. (Will+) [potion of
                  | mutation]
 67537 | Zot:4    | Gained mutation: You are robust. (+10% HP) [potion of
                  | mutation]
 67537 | Zot:4    | Gained mutation: You are partially covered in iridescent
                  | scales. (AC +2) [potion of mutation]
 67537 | Zot:4    | Gained mutation: You are dopey. (Int -2) [potion of
                  | mutation]
 67537 | Zot:4    | Gained mutation: You have hidden genetic potential. [potion
                  | of mutation]
 67576 | Zot:5    | Entered Level 5 of the Realm of Zot
 67791 | Zot:5    | Noticed an ancient lich
 67797 | Zot:5    | Noticed an ancient lich
 67819 | Zot:5    | Killed an ancient lich
 67822 | Zot:5    | Killed an ancient lich
 68018 | Zot:5    | Noticed an orb of fire
 68023 | Zot:5    | Noticed an orb of fire
 68024 | Zot:5    | Gained mutation: Your body sometimes deteriorates upon
                  | taking damage. [an orb of fire]
 68030 | Zot:5    | Killed an orb of fire
 68035 | Zot:5    | Killed an orb of fire
 68383 | Zot:5    | Noticed an orb of fire
 68385 | Zot:5    | Gained mutation: Armour fits poorly on your strangely
                  | shaped body. [an orb of fire]
 68393 | Zot:5    | Killed an orb of fire
 68396 | Zot:5    | Noticed an ancient lich
 68410 | Zot:5    | Killed an ancient lich
 69242 | Zot:5    | Lost mutation: Your body sometimes deteriorates upon taking
                  | damage. [potion of mutation]
 69242 | Zot:5    | Lost mutation: You are partially covered in iridescent
                  | scales. (AC +2) [potion of mutation]
 69242 | Zot:5    | Lost mutation: Armour fits poorly on your strangely shaped
                  | body. [potion of mutation]
 69242 | Zot:5    | Gained mutation: You are partially covered in iridescent
                  | scales. (AC +2) [potion of mutation]
 69242 | Zot:5    | Lost mutation: You have hidden genetic potential. [potion
                  | of mutation]
 69243 | Zot:5    | Got the Orb of Zot
 69404 | Zot:1    | Noticed Zemo the pandemonium lord
 69566 | Depths:1 | Noticed Utawniubo the pandemonium lord
 69598 | D:15     | Noticed Wiqifrimia the pandemonium lord
 70121 | D:1      | Noticed a seraph
 70129 | D:1      | Killed a seraph
 70154 | D:$      | Escaped with the Orb!

Illustrated notes

Levels and vault maps discovered:
D:1:      minmay_arrival_semitransparent, layout_loops_ring,
          basic_ecumenical_altar, serial_shops, nicolae_shop_back_alley_shop
D:2:      layout_basic, basic_altar, minmay_3d_cube, uniq_natasha
D:3:      layout_loops_ring, kennysheep_small_spiral
D:4:      layout_rooms, grunt_temple_overflow_open
D:5:      layout_basic, temple_green
D:6:      layout_cave_pods, serial_shops, shop_scrolls, nicolae_shop_tiny_glass,
          uniq_crazy_yiuf_cottage, uniq_menkaure
D:7:      layout_loops_ring, nicolae_overflow_two_pavilions, uniq_joseph,
          uniq_duvessa, uniq_prince_ribbit1
D:8:      layout_rooms, enter_bailey_3, ebering_ghost_inner_flame,
          nicolae_elevator_lobby_plus
D:9:      layout_grid_maze, special_room [special_room_orc], grunt_tough_drop,
          uniq_maggie
D:10:     nzn_winding_woodlands_medium [nzn_winding_woodlands_5x5_closed_star,
          nzn_winding_woodlands_5x15_sidewinder,
          nzn_winding_woodlands_5x5_checkerboard,
          nzn_winding_woodlands_5x5_open_star,
          nzn_winding_woodlands_center_pierced_h,
          nzn_winding_woodlands_hourglass, nzn_winding_woodlands_5x5_default,
          nzn_winding_woodlands_5x15_garden, nzn_winding_woodlands_5x5_default],
          layout_basic, grunt_lair_entry_orc_guard_hut, minmay_hedge_maze,
          uniq_sonja
D:11:     dreamdust_cave_troll, layout_loops_ring
D:12:     layout_irregular_city, orc_david_3, gauntlet_entry_generic,
          elyvilon_altar_1, uniq_lodul
D:13:     layout_cave_pools, guppyfry_shop_venom
D:14:     layout_loops_cross, hellmonk_vaults_keyhole,
          minmay_misc_feat_four_crosses
D:15:     hellmonk_depths_entry_around_the_bend, layout_irregular_city,
          okawaru_gym_becter
Temple:   mainiacjoe_temple_coin_purse
Lair:1:   lemuel_slime, layout_misc_corridors, pdpol_lair_cavern_descent,
          serial_bayou_shore_a
Lair:2:   layout_hall_layers, uniq_fannar, uniq_nergalle
Lair:3:   layout_hall_layers, elwin_shoals_entry_stream, dummy_spider_entry
Lair:4:   layout_cave_pods, enter_volcano_1, lemuel_fruit_fields,
          infiniplex_staircase_pool_2
Lair:5:   hellmonk_lair_end_abyssal_woods, layout_cave_pods, slime_entry_1,
          basic_altar, eino_house_with_fridge
Shoals:1: gammafunk_sealed_arena, layout_shoals, serial_shops, bzr_entry_safe
Shoals:2: layout_shoals, serial_shops, shop, nicolae_shoals_hidden_pirate_stash,
          uniq_ilsuiw
Shoals:3: layout_shoals, serial_shops, shop, uniq_mlioglotl
Shoals:4: shoals_end_hellmonk_lost_city
Spider:1: nicolae_spider_obnoxious_hallway, nicolae_spider_swamp_cousins,
          uniq_nikola, uniq_louise
Spider:2: layout_spider_delve, hangedman_spider_mandibles,
          nicolae_spider_paper_wasps
Spider:3: layout_cave_pods, nicolae_spider_shape
Spider:4: hellmonk_spider_rune_bug_friends, nicolae_spider_eight_legs,
          uniq_arachne, uniq_roxanne
Slime:1:  cheibrodos_slime_lost_civilization_9, layout_caves
Slime:2:  layout_caves
Slime:3:  layout_caves, nicolae_slime_round_cave
Slime:4:  layout_caves
Slime:5:  slime_pit_nicolae_block_by_block
Orc:1:    layout_caves, serial_shops, shop, nicolae_shop_statue_plus,
          special_room [special_room_orc], uniq_jorgrun
Orc:2:    hellmonk_orc_salted, layout_diamond_mine,
          portal_ice_cave_entry_animals_and_master, nicolae_specific_store,
          kennysheep_orc_chapel
Elf:1:    eino_elf_arrival_altar, layout_gridlike, serial_shops, shop_fountains,
          minmay_elf_sorcery, uniq_kirke
Elf:2:    elven_hall_of_blades_hangedman_original [nicolae_blade_lattice],
          layout_geoelf_octagon, serial_shops, shop, uniq_zenata
Elf:3:    elf_hall, layout_loops_ring, uniq_asterion
Vaults:1: vaults_mumra_hexcomb, nicolae_vaults_know_your_exits,
          hangedman_vaults_trim, nicolae_vaults_doubleplus_tesselated,
          vaults_room_pools, vaults_room_stairs_pillars,
          nicolae_vaults_lightning_bolt, nicolae_vaults_storage_closets_1,
          vaults_dpeg_emergency_exit, grunt_vaults_diagonal, serial_ice_g,
          nicolae_vaults_double_plus_1, v_alt_pattern_1, layout_vaults_ring
Vaults:2: mu_enter_wizlab_6, hangedman_vaults_stagger,
          minmay_crypt_entry_necro_gods, nicolae_vaults_yaktaur_gun_rack,
          nicolae_vaults_ellipses_ellipsis, grunt_vaults_swirl, minmay_orc_keep,
          hangedman_vaults_capsules, grunt_vaults_hallway_long,
          nicolae_vaults_trapezoid_4, ontoclasm_vaults_misaligned,
          ontoclasm_vaults_gallery, layout_vaults_omnibox, serial_shops,
          nicolae_shop_tiny_glass, uniq_mennas, uniq_norris, uniq_mara
Vaults:3: biasface_ghost_orc_armoury, ontoclasm_vaults_loading_screen,
          ontoclasm_vaults_tryst, nicolae_vaults_little_squares_2,
          v_alt_pattern_1, layout_vaults_omnigrid, serial_shops,
          nicolae_shop_rolled_up
Vaults:4: nicolae_vaults_turnstiles, ontoclasm_vaults_fault,
          nicolae_vaults_three_branches, nicolae_vaults_tetromino_L_1,
          v_alt_pattern_6, nicolae_vaults_bisected_exclaves,
          nicolae_vaults_mini_display_case, serial_ice_b,
          nicolae_vaults_trapezoid_lopsided_3, layout_vaults_chaotic_city,
          serial_shops, shop
Vaults:5: serial_shops, uniq_frederick
Crypt:1:  layout_gridlike, grunt_crypt_arrival_guarded_gate, grunt_megastairs_3
Crypt:2:  cheibrodos_crypt_3hun_7po, layout_misc_corridors, uniq_boris,
          uniq_josephina
Crypt:3:  evilmike_haunted_forest
Depths:1: layout_gridlike, rand_demon_pan_entry_8, hellmouth_3,
          roderic_roman_lattice, nzn_wu_jian_contemplation, grunt_megastairs_4
Depths:2: minmay_the_grid_3x2 [minmay_the_grid_x,
          minmay_the_grid_minigrid_small_alt, minmay_the_grid_dragon_a,
          minmay_the_grid_mess, minmay_the_grid_slots,
          minmay_the_grid_prize_big_room], layout_cave_pools, enter_ziggurat_f,
          rand_demon_pan_entry_7, glass_columns_c, hell_entry,
          roderic_lattice_a, infiniplex_staircase_zigzag_2
Depths:3: lemuel_river_lethe, hell_entry, abyss_entry
Depths:4: evilmike_zot_entry_argh, layout_basic, serial_rivers,
          chequers_serial_rivers_large_a, chequers_serial_rivers_micro_c,
          chequers_serial_rivers_room_b, chequers_serial_rivers_room_a,
          chequers_serial_rivers_micro_c, hell_entry
Zot:1:    layout_misc_corridors, st_large_dragon_hoard_2, uniq_parghit,
          uniq_grunn
Zot:2:    layout_gridlike, bh_zot_ikea_curve, grunt_megastairs_5
Zot:3:    lemuel_acid_trip, layout_cathedral_of_symmetry
Zot:4:    layout_concentric_octagons
Zot:5:    layout_misc_corridors

Skill      XL: |  1  2  3  4  5  6  7  8  9 10 11 12 13 14 15 16 17 18 19 20 21 22 23 24 25 26 27 |
---------------+----------------------------------------------------------------------------------+-----
Axes           | 3 4 5 6 7 9 10 12 13 14 15 16 17 18 19 20 22 23 26 | 26.6
Fighting       | 4 5 6 8 9 10 12 13 14 15 16 17 18 19 21 22 23 24 26 27 | 27.0
Invocations    | 1 2 3 5 7 9 10 12 13 14 16 17 18 19 20 22 23 24 26 27 | 27.0
Armour         | 4 5 7 8 9 10 11 12 13 14 15 16 17 18 19 20 21 22 24 | 24.7
Shields        | 4 5 6 7 8 10 11 12 14 16 17 18 19 20 21 22 23 25 | 25.5
Throwing       | 3 4 6 8 14 | 14.1
Dodging        | 3 4 5 6 |  6.0
Evocations     | 3 4 |  4.0

Action                     |  1- 3 |  4- 6 |  7- 9 | 10-12 | 13-15 | 16-18 | 19-21 | 22-24 | 25-27 || total
---------------------------+-------+-------+-------+-------+-------+-------+-------+-------+-------++-------
  Melee: War axe           |    95 |   175 |   278 |   711 |   883 |       |   668 |   534 |       ||  3344
         Hand axe          |       |       |       |       |    25 |       |       |       |       ||    25
         Broad axe         |       |       |       |       |   372 |  1386 |   719 |  1064 |  1502 ||  5043
  Throw: Dart              |       |       |       |     4 |     2 |       |     4 |       |       ||    10
         Boomerang         |       |       |       |       |       |     3 |     1 |       |    37 ||    41
         Javelin           |       |       |       |       |       |       |       |       |     1 ||     1
 Invoke: Upheaval          |       |       |       |     3 |       |     2 |     7 |     5 |     7 ||    24
         Elemental Force   |       |       |       |     1 |     1 |     2 |     1 |       |     2 ||     7
         Disaster Area     |       |       |       |       |     2 |     6 |     2 |     4 |     9 ||    23
  Evoke: Wand              |       |       |       |     3 |       |       |     2 |     9 |     1 ||    15
    Use: Scroll            |       |       |    14 |     6 |     6 |     7 |     2 |       |    32 ||    67
         Potion            |       |       |       |     2 |       |     1 |       |     1 |     9 ||    13
   Stab: Distracted        |       |       |       |       |     1 |       |       |     1 |       ||     2
         Petrifying        |       |       |       |       |       |       |     4 |       |       ||     4
         Paralysed         |       |       |       |       |       |       |     2 |       |     3 ||     5
         Confused          |       |       |       |       |       |       |       |       |     1 ||     1
 Armour: Scale mail        |    67 |    94 |       |       |       |       |       |       |       ||   161
         Ring mail         |       |     5 |   178 |    61 |       |       |       |       |       ||   244
         Shadow dragon sca |       |       |       |   467 |     2 |       |       |       |       ||   469
         Plate armour      |       |       |       |       |   749 |   693 |   475 |   488 |   214 ||  2619
         Acid dragon scale |       |       |       |       |     2 |       |       |       |       ||     2
         Gold dragon scale |       |       |       |       |       |       |       |       |   389 ||   389
  Dodge: Dodged            |    48 |    71 |   104 |   183 |   257 |   266 |   208 |   166 |   225 ||  1528
         Repelled          |       |       |       |     1 |     6 |     3 |    21 |    17 |    29 ||    77
  Block: Buckler           |    18 |    51 |    82 |   199 |       |       |       |       |       ||   350
         Kite shield       |       |       |       |   207 |  1294 |   456 |       |       |       ||  1957
         Tower shield      |       |       |       |       |       |  1728 |  1953 |  1870 |  1948 ||  7499
